 Dungeon Crawl Stone Soup version 0.30-a0-939-gc8157cb160 (webtiles) character file.

Game seed: 9491955095324990934

3237 DeathPants the Magician (level 9, -1/49 HPs)
             Began as a Vine Stalker Gladiator on Mar 25, 2023.
             Killed from afar by an acid dragon (10 damage)
             ... with a splash of acid
             ... on level 9 of the Dungeon.
             The game lasted 00:21:22 (6814 turns).

DeathPants the Magician (Vine Stalker Gladiator)    Turns: 6814, Time: 00:21:23

Health: -1/49      AC:  8    Str: 26    XL:     9   Next: 98%
Magic:  0/28       EV: 13    Int: 13    God:
Gold:   393        SH:  0    Dex: 18    Spells: 18/21 levels left

rFire   . . .      SeeInvis .    b - +2 dagger (venom)
rCold   . . .      Faith    .    (no shield)
rNeg    . . .      Spirit   +    E - +0 leather armour of Uxamuc {*Corrode rPois MP+9 Int+3}
rPois   +          Reflect  .    r - +1 helmet
rElec   .          Rampage  .    s - +0 cloak
rCorr   .                        g - +1 pair of gloves {Str+3}
Will    +....                    (no boots)
Stlth   +                        (no amulet)
HPRegen 1.08/turn                l - +4 ring of protection
MPRegen 0.21/turn                k - +6 ring of strength

@: about to teleport, corroded
A: fangs 3, regeneration 1, magic shield, antimagic bite, no potion heal 2
a: no special abilities


You were on level 9 of the Dungeon.
You visited 2 branches of the dungeon, and saw 10 of its levels.

You collected 393 gold pieces.

Inventory:

Hand Weapons
 a - a +0 rapier
 b - a +2 dagger of venom (weapon)
 o - the +5 glaive of Incongruity {speed, SInv}
   (You found it on level 5 of the Dungeon)

   SInv:      It lets you see invisible.
 B - the +2 dagger of Iconoclasm {freeze, Will+ Dex+3 Stlth+}
   (You found it on level 4 of the Dungeon)

   Dex:       It affects your dexterity (+3).
   Will:      It increases your willpower.
   Stlth:     It makes you more stealthy.
Missiles
 d - 5 throwing nets (quivered)
 e - a javelin
 v - 20 poisoned darts
 C - 11 boomerangs
Armour
 g - a +1 pair of gloves of strength (worn)
 r - a +1 helmet (worn)
 s - a +0 cloak (worn)
 D - a +2 buckler
 E - the +0 leather armour of Uxamuc (worn) {*Corrode rPois MP+9 Int+3}
   (You found it on level 7 of the Dungeon)

   Int:       It affects your intelligence (+3).
   rPois:     It protects you from poison.
   MP:        It affects your magic capacity (+9).
   *Corrode:  It may corrode you when you take damage.
 H - +0 steam dragon scales
Jewellery
 k - a +6 ring of strength (right hand)
 l - a +4 ring of protection (left hand)
Wands
 q - a wand of paralysis (12)
 A - a wand of roots (12)
 G - a wand of flame (19)
Scrolls
 h - a scroll of magic mapping
 n - 2 scrolls of teleportation
 w - 2 scrolls of amnesia
Potions
 c - 2 potions of lignification
 f - a potion of attraction
 i - a potion of magic {unknown}
 j - 3 potions of mutation
 m - 9 potions of curing
 p - 2 potions of flight
 t - a potion of resistance
 u - a potion of ambrosia {unknown}
 x - a potion of cancellation {unknown}
 z - a potion of invisibility {unknown}
 F - a potion of degeneration {unknown}
 I - a potion of heal wounds {unknown}


   Skills:
 + Level 6.3 Fighting
 - Level 4.0 Short Blades
 * Level 5.5 Polearms
 - Level 1.7 Throwing
 - Level 3.1 Dodging
 + Level 6.6 Spellcasting
 + Level 6.1 Summonings


You had 18 spell levels left.
You knew the following spells:

 Your Spells              Type           Power      Damage    Failure   Level
a - Call Canine Familiar  Summ           20%        N/A       4%          3

Your spell library contained the following spells:

 Spells                   Type           Power      Damage    Failure   Level
 Summon Small Mammal      Summ           80%        N/A       1%          1
 Summon Guardian Golem    Hex/Summ       12%        N/A       16%         3
 Shock                    Conj/Air       16%        1d4       19%         1
 Inner Flame              Hex/Fire       4%         N/A       50%         3
 Swiftness                Air            4%         N/A       50%         3
 Airstrike                Air            2%         2d(1-17)  88%         4
 Animate Dead             Necr           4%         N/A       88%         4
 Cause Fear               Hex            2%         N/A       88%         4
 Borgnjor's Vile Clutch   Necr/Erth      2%         N/A       99%         5
 Yara's Violent Unravell  Hex/Tmut       2%         3d3       99%         5
 Death Channel            Necr           2%         N/A       100%        6
 Enfeeble                 Hex            2%         N/A       100%        7
 Discord                  Hex            2%         N/A       100%        8


Dungeon Overview and Level Annotations

Branches:
Dungeon (9/15)             Temple (1/1) D:4
   Lair: D:8-11         Orc: D:9-12

Altars:
Cheibriados
Dithmenos
Elyvilon
Fedhas
Hepliaklqana
Kikubaaqudgha
Nemelex Xobeh
Okawaru
Ru
Vehumet
Xom
The Shining One


Innate Abilities, Weirdness & Mutations

You have razor-sharp teeth.
Your natural rate of healing is unusually fast.
When hurt, damage is shared between your health and your magic reserves.
Your bite disrupts and absorbs the magic of your enemies.
Potions cannot restore your health.


Message History

The acid dragon is severely wounded.
The acid dragon barely misses you. The acid dragon misses you.
An orc comes into view. It is wielding a +0 hand axe.
An orc comes into view. It is wielding a +0 flail.
The orc wizard points at you and mumbles some strange words.
You resist with almost no effort.
The orc shouts!
You hit the acid dragon.
The acid dragon is severely wounded.
The acid dragon bites you. The acid dragon claws you.
The orc wizard gestures wildly while chanting.
The orc wizard flickers and vanishes!
Deactivating autopickup; reactivate with Ctrl-A.
The orc wizard hits you with a +0 dagger.
You hit the acid dragon but do no damage.
The acid dragon is severely wounded.
The acid dragon spits acid at you. The splash of acid hits you!!
* * * LOW HITPOINT WARNING * * *
The acid corrodes you! The orc wizard casts a spell at you.
The puff of flame hits you!
* * * LOW HITPOINT WARNING * * *
You hear an angry hiss.
You hit the acid dragon. Your bite misses the acid dragon.
The acid dragon is severely wounded.
The acid dragon closely misses you. The acid dragon barely misses you.
The orc wizard hits you but does no damage.
Blink to where?
Press: ? - help, Dir - move target 2 killer bees come into view.
As you read the scroll of blinking, it crumbles to dust.
The killer bee buzzes angrily.
A killer bee comes into view. x2
As you read the scroll of teleportation, it crumbles to dust.
You feel strangely unstable.
The killer bee buzzes angrily. x2
The acid dragon spits acid at you. The splash of acid hits you!
You die...

≈ #....# ...# .≈ #....+ .....#
.≈. #....# #.....# ≈... #....#
#.....# ≈...≈ #....# #.....##
.≈.≈o.###....########......#
≈.≈o≈....oD................###
≈...≈≈........................
≈...≈≈##........@...y.........
...... #....#####....y........
..... #....#...##'#...y......
..... #..###......#..........
.... #..#........+..........
#### #.##........###..######
.........#...........#..#
.........#...........#..#
......)..#...........#..#


You could see an acid dragon (catching breath), 3 killer bees and an orc wizard.

Vanquished Creatures
  A deep elf pyromancer (D:8)
  A manticore (D:8)
  A steam dragon (D:8)
  A water moccasin (D:8)
  An orc warrior (D:9)
  3 ice beasts
  2 centaurs
  2 ogres
  A kobold brigand (D:7)
  3 phantoms
  A gnoll sergeant (D:4)
  3 bullfrogs
  2 scorpions (D:6)
  5 killer bees (D:8)
  A howler monkey (D:5)
  3 orc priests
  Crazy Yiuf (D:5)
  A hound (D:7)
  A jelly (D:7)
  2 iguanas
  2 sleepcaps
  Natasha (D:2)
  3 orc wizards
  Robin (D:2)
  2 adders (D:4)
  4 gnolls
  2 white imps
  A worm (D:3)
  3 dart slugs
  17 orcs
  9 ball pythons
  7 endoplasms
  A giant cockroach (D:2)
  18 goblins
  7 hobgoblins
  4 jackals (D:5)
  11 kobolds
  8 quokkas
  4 bats
  2 frilled lizards (D:2)
  10 rats
153 creatures vanquished.

Notes
Turn   | Place    | Note
-------+----------+-------------------------------------------
     0 | D:1      | DeathPants the Vine Stalker Gladiator began the quest for
                  | the Orb.
     0 | D:1      | Reached XP level 1. HP: 11/11 MP: 2/2
   175 | D:1      | Reached XP level 2. HP: 14/15 MP: 3/3
   340 | D:2      | Reached XP level 3. HP: 18/18 MP: 5/5
   550 | D:1      | Reached skill level 1 in Spellcasting
  1132 | D:2      | Noticed Robin
  1186 | D:2      | Killed Robin
  1187 | D:2      | Gained mutation: Your natural rate of healing is unusually
                  | fast. [Vine Stalker growth]
  1187 | D:2      | Reached XP level 4. HP: 19/23 MP: 6/6
  1273 | D:2      | Noticed a phantom
  1303 | D:2      | Killed a phantom
  1304 | D:2      | Reached XP level 5. HP: 27/27 MP: 6/8
  1660 | D:2      | Noticed Natasha
  1671 | D:2      | Killed Natasha
  1853 | D:3      | Learned a level 3 spell: Call Canine Familiar
  1943 | D:3      | Found a faded altar of an unknown god.
  2439 | D:5      | Entered Level 5 of the Dungeon
  2544 | D:4      | Noticed a phantom
  2577 | D:4      | Killed a phantom
  2578 | D:4      | Reached skill level 1 in Summonings
  2578 | D:4      | Reached XP level 6. HP: 32/32 MP: 9/11
  2605 | D:4      | Found a blossoming altar of Fedhas.
  2681 | D:4      | Found a white marble altar of Elyvilon.
  2982 | D:4      | Reached XP level 7. HP: 35/37 MP: 11/13
  3141 | D:4      | Identified the +2 dagger of Iconoclasm {freeze, Will+ Dex+3
                  | Stlth+}
  3409 | D:4      | Found a staircase to the Ecumenical Temple.
  3421 | Temple   | Entered the Ecumenical Temple
  3824 | D:5      | Found an ancient bone altar of Kikubaaqudgha.
  3922 | D:5      | Identified the +5 glaive of Incongruity {speed, SInv}
  4029 | D:5      | Found a runed translucent door.
  4030 | D:5      | Noticed Crazy Yiuf
  4039 | D:5      | Killed Crazy Yiuf
  4253 | D:5      | Reached skill level 1 in Polearms
  4253 | D:5      | Gained mutation: You have razor-sharp teeth. [Vine Stalker
                  | growth]
  4253 | D:5      | Reached XP level 8. HP: 42/42 MP: 15/15
  5065 | D:8      | Reached skill level 5 in Fighting
  5175 | D:7      | Reached skill level 5 in Spellcasting
  5379 | D:7      | Identified the +0 leather armour of Uxamuc {*Corrode rPois
                  | MP+9 Int+3}
  5576 | D:7      | Reached XP level 9. HP: 44/47 MP: 18/18
  5804 | D:8      | Reached skill level 5 in Summonings
  5921 | D:8      | Noticed a manticore
  5923 | D:8      | Noticed a deep elf pyromancer
  5935 | D:8      | Killed a manticore
  5939 | D:8      | Found a snail-covered altar of Cheibriados.
  5998 | D:8      | Found a shimmering altar of Xom.
  6057 | D:8      | Identified the +2 robe of Life {-Cast rC+ Will+ Regen+}
  6277 | D:8      | Killed a deep elf pyromancer
  6278 | D:8      | Reached skill level 5 in Polearms
  6814 | D:9      | Killed from afar by an acid dragon

Illustrated notes

Levels and vault maps discovered:
D:1:      arrival_zaba_pyramid, layout_rooms, amethyst_killhole
D:2:      layout_basic, uniq_robin, uniq_natasha
D:3:      layout_loops_cross, ebering_ecumenical_altar_rust,
          nicolae_figureground_pulse
D:4:      layout_loops_corners, fedhas_altar_3, lemuel_doored_altar,
          minmay_temple_entry_proselytizer
D:5:      nicolae_BIG_FREAKIN_CUBE, layout_loops_ring,
          mainiacjoe_overflow_catwalk, uniq_crazy_yiuf_cottage
D:6:      layout_rooms
D:7:      layout_basic, enter_bailey_5
D:8:      hellmonk_destroyed_diamonds, layout_basic,
          mainiacjoe_overflow_large_starburst
D:9:      layout_irregular_city, nicolae_uskayaw_suspiria
Temple:   hellmonk_temple_of_storms

Skill      XL: |  1  2  3  4  5  6  7  8  9 |
---------------+----------------------------+-----
Short Blades   | 3 4 |  4.0
Fighting       | 2 3 4 5 6 |  6.3
Spellcasting   | 1 2 3 4 5 6 |  6.6
Dodging        | 3 |  3.1
Summonings     | 1 2 3 4 6 |  6.1
Polearms       | 1 3 5 |  5.5
Throwing       | |  1.7

Action                     |  1- 3 |  4- 6 |  7- 9 || total
---------------------------+-------+-------+-------++-------
  Melee: Rapier            |   118 |    91 |   108 ||   317
         Bite              |    31 |    61 |   121 ||   213
         Punch             |     2 |     1 |     5 ||     8
         Dagger            |       |    84 |   216 ||   300
  Throw: Throwing net      |       |       |     3 ||     3
         Dart              |       |       |     1 ||     1
    Use: Scroll            |       |     3 |    17 ||    20
   Stab: Sleeping          |       |     1 |     1 ||     2
         Held in net/web   |       |       |     3 ||     3
 Armour: Leather armour    |     4 |       |    68 ||    72
         Scale mail        |    44 |    31 |       ||    75
         Robe              |       |    43 |    65 ||   108
  Dodge: Dodged            |    68 |    98 |   215 ||   381

Table legend: (Time is in decaauts)
 A = Elapsed time spent in this place.
 B = Non-inter-level travel time spent in this place.
 C = Inter-level travel time spent in this place.
 D = Time resting spent in this place.
 E = Time spent auto-exploring this place.
 F = Levels seen in this place.
 G = Mean time per level.
                   A        B        C        D        E       F      G
               +--------+--------+--------+--------+--------+-----+--------+
         Total |   6766 |   6553 |    213 |    280 |   4333 |  10 |  676.6 |
       Dungeon |   6720 |   6507 |    213 |    280 |   4305 |   9 |  746.7 |
        Temple |     45 |     45 |      0 |      0 |     28 |   1 |   45.0 |
               +--------+--------+--------+--------+--------+-----+--------+

Top non-repeatable levels by time:
     D:4: 1228 daAuts
     D:2: 940 daAuts
     D:8: 921 daAuts
     D:1: 792 daAuts
     D:5: 744 daAuts
     D:3: 673 daAuts
     D:7: 632 daAuts
     D:6: 583 daAuts
     D:9: 203 daAuts
  Temple: 45 daAuts
